AoeStats
← tengo_hambre_3000

Arabian Desert

510150805Analyzed
1v1 RM · 3d ago on Sep 29, 2026· 33m 27s· 2 players
Game mode
Random Map
Map size
Tiny (2 player)
Population
200
Speed
Normal
Resources
Standard
Victory
Conquest
Starting age
Dark Age
Ending age
Imperial Age
RankedLock teamsTeams togetherTeam positionsShared explorationLock speedFull tech treeHidden civsTurbo modeCheats
Victory
Defeat
🇲🇽 Persians · Mexico
1404
+19
🇦🇷 Chinese · Argentina
1459
-19
Schalamax1
9:23 Feudal Age
9:22 Man-at-Arms
9:50 Loom
10:06 Arson
13:13 Double-Bit Axe
23:44 Castle Age
21:58 Horse Collar
23:05 Bloodlines
24:12 Husbandry
24:24 Bow Saw
28:11 Scale Barding Armor
28:16 Forging
29:34 Chain Barding Armor
29:56 Squires
29:41 Gambesons
tengo_hambre_3000
0:26 Loom
9:02 Feudal Age
9:30 Double-Bit Axe
17:21 Horse Collar
18:59 Scale Barding Armor
19:52 Forging
22:28 Wheelbarrow
26:07 Castle Age
24:25 Fletching
24:52 Scale Mail Armor
27:25 Iron Casting
28:02 Light Cavalry
Connection lost

Rejoining the realm…

Still unreachable

The connection could not be restored.

Session expired

The server has moved on; the page needs a fresh start.